 Dungeon Crawl Stone Soup version 0.27.1-35-g4d5d836560 (webtiles) character file.

Game seed: 14297728881563967505

128 croobank the Firebug (level 4, -10/30 HPs)
             Began as a Demonspawn Fire Elementalist on June 19, 2022.
             Mangled by an ogre (18 damage)
             ... on level 4 of the Dungeon.
             The game lasted 00:08:19 (3603 turns).

croobank the Firebug (Demonspawn Fire Elementalist) Turns: 3603, Time: 00:08:22

Health: -10/30     AC:  3    Str:  8    XL:     4   Next: 87%
Magic:  7/8        EV: 12    Int: 18    God:
Gold:   110        SH:  0    Dex: 13    Spells: 8/9 levels left

rFire    + . .     SeeInvis .   a - +1 hand axe (spect)
rCold    . . .     Faith    .   (no shield)
rNeg     . . .     Spirit   .   z - +0 robe
rPois    +         Reflect  .   (no helmet)
rElec    .         Harm     .   (no cloak)
rCorr    .         Rampage  .   (no gloves)
Will     .....                  t - +0 pair of boots
Stlth    ++........             (no amulet)
HPRegen  0.10/turn              i - ring of poison resistance
MPRegen  0.11/turn              h - ring of protection from fire

@: no status effects
A: claws 1, talons 1
a: no special abilities


You were on level 4 of the Dungeon.
You visited 1 branch of the dungeon, and saw 4 of its levels.

You collected 110 gold pieces.

Inventory:

Hand Weapons
 a - a +1 spectral hand axe (weapon)
 b - a +0 hunting sling
 d - a +0 dagger
 j - a +0 short sword
 y - a +0 war axe
 B - a +0 spear
Missiles
 c - 21 stones
 o - 50 sling bullets
 s - 27 arrows
 x - 5 atropa-tipped darts
 A - 13 poisoned darts
Armour
 q - a +0 ring mail
 t - a +0 pair of boots (worn)
 v - a +0 leather armour
 z - a +0 robe (worn)
Magical Staves
 k - a staff of air
Jewellery
 h - a ring of protection from fire (right claw)
 i - a ring of poison resistance (left claw)
 u - a ring of fire
Wands
 C - a wand of paralysis (8)
Scrolls
 n - 2 scrolls of teleportation
 p - a scroll of fog
 w - 2 scrolls of identify
Potions
 e - a potion of ambrosia
 f - a potion of haste
 g - a potion of mutation
 l - a potion of cancellation {unknown}
 m - a potion of heal wounds {unknown}
 r - a potion of magic {unknown}


   Skills:
 + Level 0.1 Fighting
 + Level 0.9 Axes
 + Level 2.0 Dodging
 + Level 2.3 Stealth
 + Level 3.1 Spellcasting
 + Level 1.6 Conjurations
 + Level 3.7 Fire Magic


You had 8 spell levels left.
You knew the following spells:

 Your Spells              Type           Power      Damage    Failure   Level
a - Foxfire               Conj/Fire      48%        2x1d6     5%          1

Your spell library contained the following spells:

 Spells                   Type           Power      Damage    Failure   Level
 Freeze                   Ice            8%         1d3       16%         1
 Conjure Flame            Conj/Fire      12%        6-21      16%         3
 Inner Flame              Hex/Fire       9%         N/A       22%         3
 Frozen Ramparts          Ice            4%         1d2       43%         3
 Sticky Flame             Conj/Fire      12%        2d4       47%         4
 Hailstorm                Conj/Ice       5%         3d4       75%         4
 Fireball                 Conj/Fire      6%         3d5       83%         5


Dungeon Overview and Level Annotations

Branches:
Dungeon (4/15)
 Temple: D:4-7

Altars:


Innate Abilities, Weirdness & Mutations

You have sharp fingernails.
You have sharp toenails.


Message History

You kill the kobold!
You miss the adder.
Your +1 spectral hand axe hits the adder!
The adder closely misses you.
You closely miss the adder.
The adder is almost dead.
Your +1 spectral hand axe hits the adder.
You kill the adder!
No target in view!
No target in view!
You swap places.
c - 21 stones (gained 1)
Things that are here:
a +0 club; an adder corpse An ogre comes into view.
It is wielding a +0 giant spiked club.
Found a book of the Sky.
The ogre shouts!
An ufetubus comes into view.
An adder comes into view.
The ufetubus moves out of view.
You see here a scroll of teleportation.
An orc comes into view. It is wielding a +0 club.
Casting: Foxfire (safe; 5% risk of failure)
Confirm with . or Enter, or press ? or * to list all spells.
You conjure some foxfire!
The orc shouts!
The ogre barely misses you.
You completely miss the ogre.
The foxfire hits the ogre.
The ogre is lightly wounded.
The foxfire hits the ogre.
The ogre is moderately wounded.
The ogre hits you with a +0 giant spiked club!!
Ouch! That really hurt!
* * * LOW HITPOINT WARNING * * *
Aiming: Paralyse
Press: ? - help, Shift-Dir - straight line, f - ogre
Aim: an ogre, wielding a +0 giant spiked club (moderately wounded, chance to affect: 46%)
The ogre resists with some effort.
The ogre hits you with a +0 giant spiked club!!
Ouch! That really hurt!
You die...

.......
#.:5.. #....
#... #o. #.#
#S#
#O########
#@........ .
###.ยง######
... #<#..#
....##.#..#
...........#
........)..#
...........#
...........#
...........#


You could see an ogre, an adder, an orc and an ufetubus (wandering).

Vanquished Creatures
  Ijyb (D:3)
  4 adders
  A worm (D:2)
  2 dart slugs
  2 orcs (D:3)
  4 ball pythons (D:2)
  5 bats
  6 endoplasms
  2 giant cockroaches
  5 goblins
  2 hobgoblins (D:2)
  4 jackals (D:1)
  8 kobolds
  3 quokkas
  A frilled lizard (D:1)
  9 rats
59 creatures vanquished.

Vanquished Creatures (others)
  114 foxfires
114 creatures vanquished.

Grand Total: 173 creatures vanquished

Notes
Turn   | Place    | Note
-------+----------+-------------------------------------------
     0 | D:1      | croobank the Demonspawn Fire Elementalist began the quest
                  | for the Orb.
     0 | D:1      | Reached XP level 1. HP: 13/13 MP: 3/3
   595 | D:1      | Gained mutation: You have sharp toenails. [demonic
                  | ancestry]
   595 | D:1      | Reached XP level 2. HP: 14/19 MP: 5/5
  1249 | D:2      | Gained mutation: You have sharp fingernails. [demonic
                  | ancestry]
  1249 | D:2      | Reached XP level 3. HP: 13/24 MP: 6/6
  1928 | D:2      | Reached XP level 4. HP: 30/30 MP: 7/7
  3373 | D:3      | Noticed Ijyb
  3374 | D:3      | Paralysed by Ijyb for 4 turns
  3382 | D:3      | Killed Ijyb
  3596 | D:4      | Noticed an ogre
  3603 | D:4      | Mangled by an ogre

Illustrated notes

Levels and vault maps discovered:
D:1:      dpeg_arrival_oval, layout_loops_ring
D:2:      cheibrodos_helix_gallery, layout_basic, minmay_small_reverse_x
D:3:      layout_loops_corners, kennysheep_generic_room_8, uniq_ijyb
D:4:      layout_basic, minmay_temple_entry_overgrown

Skill      XL: |  1  2  3  4 |
---------------+-------------+-----
Fire Magic     | 3 |  3.7
Stealth        | 2 |  2.3
Dodging        | 2 |  2.0
Spellcasting   | 3 |  3.1
Fighting       | |  0.1
Axes           | |  0.9
Conjurations   | |  1.6

Action                   |  1- 3 |  4- 6 || total
-------------------------+-------+-------++-------
Melee: Hand axe          |    31 |    18 ||    49
       Kick              |     2 |       ||     2
 Cast: Foxfire           |    48 |    18 ||    66
Evoke: Wand              |       |     1 ||     1
  Use: Scroll            |     8 |     2 ||    10
 Stab: Sleeping          |     2 |     1 ||     3
Armor: Robe              |     5 |     1 ||     6
Dodge: Dodged            |    22 |    12 ||    34
